Map: Year Zero LE

Players

Neeb - Winner!

  • Race: Protoss Protoss
  • Spawn Location: 1:00

Leenock

  • Race: Zerg Zerg
  • Spawn Location: 11:00

Event: IEM Season 13: Katowice (2019)

VOD

Have the link to the VOD?

Description

Time

  • Played on: Feb. 28, 2019, 1:57 p.m.
  • Length: 6:24

All games in this series

Show
View Real Time Build Order
Export as new Build Order

Neeb Protoss - Winner!

Build Orders: 1 Gate Expand, Zealot Archon, Archon Drop, Dark Templar Rush 

Get SALT Encoding   

  12  0:00  Probe  
  13  0:12  Probe  
  14  0:18  Pylon  
  14  0:24  Probe  
  15  0:32  Probe  
  15  0:40  Probe  
  15  0:41  Gateway  
  16  0:47  Assimilator  
  17  0:51  Probe  
  18  1:03  Probe  
  19  1:15  Probe  
  20  1:25  Nexus  
  20  1:35  Cybernetics Core  
  20  1:37  Probe  
  21  1:46  Assimilator  
  21  1:49  Probe  
  21  1:52  Pylon  
  22  2:01  Adept, Probe  
  22  2:02  Pylon  
  23  2:10  Probe  
  26  2:18  Probe  
  27  2:24  Twilight Council  
  27  2:27  Warp Gate, Probe  
  27  2:33  Probe  
  27  2:34  Stalker  
  30  2:40  Probe  
  30  2:41  Probe  
  33  2:51  Probe  
  33  2:52  Probe  
  35  2:59  Robotics Facility  
  35  3:03  Probe  
  35  3:05  Probe  
  37  3:15  Probe  
  39  3:23  Gateway  
  39  3:24  Gateway  
  39  3:26  Gateway  
  37  3:29  Adept, Dark Shrine  
  38  3:35  Probe  
  38  3:37  Probe  
  40  3:43  Pylon  
  40  3:47  Immortal  
  41  3:50  Gateway  
  40  4:00  Probe x2  
  44  4:04  Assimilator  
  44  4:08  Assimilator  
  44  4:12  Probe x2  
  46  4:17  Zealot  
  48  4:24  Probe  
  48  4:25  Pylon  
  48  4:26  Pylon, Probe  
  48  4:29  Zealot x2  
  54  4:33  Pylon  
  54  4:43  Dark Templar, Probe x2  
  54  4:44  Dark Templar  
  60  4:46  Warp Prism  
  60  4:55  Probe  
  63  5:02  Pylon  
  63  5:04  Dark Templar x2  
  67  5:09  Archon x2  
  67  5:14  Pylon  
  67  5:17  Sentry x2  
  71  5:24  Pylon  
  69  5:37  Zealot x2  
  65  5:47  Dark Templar x2  
  67  5:51  Probe  
  68  5:58  Zealot x2  
  71  6:05  Probe  
  76  6:13  Gateway  
  76  6:15  Dark Templar, Gateway  
  76  6:16  Gateway  
Show
View Real Time Build Order
Export as new Build Order

Leenock Zerg 

Build Orders: Hatch First 

Get SALT Encoding   

  12  0:00  Drone  
  13  0:12  Overlord  
  13  0:17  Drone  
  14  0:31  Drone x2  
  14  0:35  Drone  
  17  0:52  Hatchery  
  17  0:56  Drone  
  17  0:59  Drone  
  18  1:07  Extractor  
  17  1:14  Spawning Pool  
  17  1:17  Drone  
  17  1:21  Drone  
  18  1:28  Drone  
  19  1:40  Drone  
  20  1:50  Drone  
  21  2:04  Queen x2  
  21  2:05  Zergling x4  
  27  2:09  Metabolic Boost  
  27  2:14  Overlord  
  27  2:32  Hatchery  
  27  2:37  Zergling x2  
  27  2:38  Zergling x2  
  27  2:43  Drone  
  29  2:51  Lair  
  29  2:59  Queen  
  31  3:18  Drone x3  
  31  3:19  Drone x2  
  36  3:25  Overlord  
  36  3:34  Overlord  
  36  3:44  Zergling x2  
  36  3:45  Zergling x10  
  41  3:51  Nydus Network  
  41  3:53  Zergling x2  
  41  3:59  Zergling x4  
  42  4:04  Zergling x4  
  42  4:06  Overseer  
  42  4:08  Zergling x2  
  45  4:11  Zergling x2  
  45  4:14  Zergling x2  
  47  4:17  Zergling x2  
  48  4:27  Nydus Canal  
  48  4:28  Zergling x2  
  48  4:29  Zergling x2  
  50  4:32  Zergling x2  
  51  4:40  Zergling x2, Nydus Canal  
  51  4:42  Zergling x2  
  51  4:43  Zergling x2  
  53  4:46  Zergling x2  
  53  4:56  Nydus Canal  
  53  4:57  Zergling x4  
  55  5:04  Zergling x2  
  56  5:15  Nydus Canal  
  56  5:16  Zergling x4  
  56  5:20  Zergling x2  
  54  5:25  Queen, Zergling x2  
  54  5:26  Zergling x2  
  54  5:27  Overlord  
  57  5:36  Queen  
  57  5:37  Nydus Canal  
  57  5:38  Zergling x2  
  57  5:39  Zergling x2  
  57  5:40  Zergling x2  
  54  5:43  Zergling x4  
  54  5:48  Zergling x4  
  51  5:55  Zergling x2  
  51  5:57  Zergling x2, Nydus Canal  
  50  6:00  Zergling x2  
  50  6:02  Zergling x2  
  52  6:11  Drone x2  
  48  6:12  Drone  

Tags
 
Add a new tag
Caveats
  • Supply blocks, unpowered buildings, or Contaminate may cause inaccurate times.
  • Supply counts are checked every 10 seconds.